 Dungeon Crawl Stone Soup version 0.20-a0-947-g2784f4f (webtiles) character file.

6234 zhorgal the Slicer (level 10, -8/49 HPs)
             Began as a Vine Stalker Fighter on Apr 2, 2017.
             Was a Priest of Kikubaaqudgha.
             Mangled by an eight-headed hydra (9 damage)
             ... on level 1 of the Lair of Beasts on Apr 3, 2017.
             The game lasted 00:34:21 (6519 turns).

zhorgal the Slicer (Vine Stalker Fighter)           Turns: 6519, Time: 00:34:22

Health: -8/49      AC: 13    Str: 21    XL:     10   Next: 92%
Magic:  0/20       EV:  6    Int: 11    God:    Kikubaaqudgha [***...]
Gold:   375        SH: 12    Dex: 14    Spells: 21/21 levels left

rFire    . . .     SeeInvis .   a - +1 rapier (venom)
rCold    . . .     Gourm    .   e - +3 shield
rNeg     . . .     Faith    .   i - +0 chain mail {rPois}
rPois    +         Spirit   +   n - +2 helmet
rElec    .         Reflect  .   s - scarf {repulsion}
rCorr    .         Harm     .   C - +0 pair of gloves
MR       +....                  (no boots)
Stlth    ..........             (no amulet)
Regen    0.6/turn               (no ring)
MPRegen  0.2/turn               (no ring)

@: repel missiles
A: fangs 3, regeneration 1, strong 1, wild magic 1, magic shield, antimagic
bite, no potion heal 3, rot immunity
a: Receive Corpses, Renounce Religion


You were on level 1 of the Lair of Beasts.
You worshipped Kikubaaqudgha.
Kikubaaqudgha was most pleased with you.
You were not hungry.

You visited 3 branches of the dungeon, and saw 10 of its levels.

You collected 375 gold pieces.

Inventory:

Hand Weapons
 a - a +1 rapier of venom (weapon)
 g - a +0 blowgun
 o - a +1 dagger of draining
 q - a +3 dagger
 t - a +0 dagger of chaos
 O - a +1 spear
Missiles
 c - 294 stones (quivered)
 h - 28 sling bullets
 l - 17 poisoned needles
 y - 5 needles of sleeping
 B - 8 tomahawks
Armour
 b - a +0 scale mail
 e - a +3 shield (worn)
 i - a +0 chain mail of poison resistance (worn)
 n - a +2 helmet (worn)
 s - a scarf of repulsion (worn)
 C - a +0 pair of gloves (worn)
 L - a +1 robe of the Archmagi
Wands
 m - a wand of random effects (43/48)
 u - a wand of acid (6/15)
 v - a wand of random effects (15/48)
Scrolls
 j - 4 scrolls of remove curse
 p - a scroll of fear
 r - 3 scrolls of identify
 x - 3 scrolls of teleportation
 D - 2 scrolls of recharging
 H - a scroll of enchant weapon
Potions
 d - 2 potions of might
 w - a potion of haste
 A - a potion of invisibility
 G - 2 potions of curing
Books
 E - Kikubaaqudgha's Volume of Evil Magic
   (Kikubaaqudgha gifted it to you on level 1 of the Lair of Beasts)

   Spells                             Type                      Level
   a - Animate Dead                   Necromancy                   4
   b - Excruciating Wounds            Charms/Necromancy            5
   c - Dispel Undead                  Necromancy                   5
   d - Simulacrum                     Ice/Necromancy               6
   e - Death Channel                  Necromancy                   6
 J - Kikubaaqudgha's Almanac of Black Arts
   (Kikubaaqudgha gifted it to you on level 9 of the Dungeon)

   Spells                             Type                      Level
   a - Animate Skeleton               Necromancy                   1
   b - Corpse Rot                     Necromancy                   2
   c - Sublimation of Blood           Necromancy                   2
   d - Vampiric Draining              Necromancy                   3
   e - Control Undead                 Necromancy                   4
 M - a book of Changes

   Spells                             Type                      Level
   a - Beastly Appendage              Transmutation                1
   b - Sticks to Snakes               Transmutation                2
   c - Spider Form                    Transmutation/Poison         3
   d - Ice Form                       Ice/Transmutation            4
   e - Blade Hands                    Transmutation                5
Miscellaneous
 K - a lamp of fire
Comestibles
 f - 7 bread rations
 k - 6 fruits
 z - 8 chunks of flesh


   Skills:
 + Level 3.6 Fighting
 * Level 12.3 Short Blades
 + Level 3.2 Armour
 + Level 1.7 Dodging
 + Level 3.6 Shields
 - Level 6.0 Spellcasting
 + Level 2.1 Evocations


You had 21 spell levels left.
You didn't know any spells.

Dungeon Overview and Level Annotations

Branches:
Dungeon (9/15)             Temple (1/1) D:5            Lair (1/6) D:9
    Orc (0/2) D:9

Altars:
Ashenzari
Cheibriados
Dithmenos
Elyvilon
Fedhas
Gozag
Hepliaklqana
Kikubaaqudgha
Makhleb
Nemelex Xobeh
Okawaru
Qazlal
Sif Muna
Trog
Uskayaw
Vehumet
Wu Jian
Xom
Yredelemnul
Zin
The Shining One


Innate Abilities, Weirdness & Mutations

You have razor-sharp teeth.
Your natural rate of healing is unusually fast.
When hurt, damage is shared between your health and your magic reserves.
Your bite disrupts and absorbs the magic of your enemies.
Potions cannot restore your health.
You are immune to rotting.
Your muscles are strong. (Str +2)
Your spells are a little harder to cast, but a little more powerful.


Message History

You block the eight-headed hydra's attack.
The eight-headed hydra bites you!
* * * LOW HITPOINT WARNING * * *
The eight-headed hydra barely misses you.
The eight-headed hydra bites you.
* * * LOW HITPOINT WARNING * * *
The eight-headed hydra bites you but does no damage.
Evoke which item? (* to show all) (? for menu, Esc to quit)
Aiming: Random Effects (will waste charges)
Press: ? - help, Shift-Dir - straight line, f/p - eight-headed hydra
Aim: an eight-headed hydra (heavily wounded, covered in acid)
The puff of frost hits the eight-headed hydra.
The eight-headed hydra is heavily wounded.
Evoking this partially-identified wand wasted a few charges.
The eight-headed hydra bites you but does no damage. x3
The eight-headed hydra bites you.
* * * LOW HITPOINT WARNING * * *
The eight-headed hydra bites you!
You die...
Kikubaaqudgha rasps: "You have failed me!
Welcome... death!"

###.###.#..##
............####### (
.##........#.#.#.#..
###.?............. ######
#................
#.##.###...##...........
###.....#...###...........
##........D..# #...<......#
#....>.≈≈.@P###.>.#......##
##.≈≈≈≈≈≈≈..##..#####...##
#.≈≈≈≈≈≈≈≈≈..... ..#.#
#.≈≈≈≈≈≈≈≈≈...## ## #
#.≈≈≈≈≈≈≈≈....#
#.≈≈≈≈≈≈≈....##
##.≈≈≈≈≈.....#
##...........


You could see an eight-headed hydra.

Vanquished Creatures
  A two-headed ogre (D:9)
  A troll (D:9)
  4 blink frogs (Lair:1)
  A spriggan (D:9)
  A vampire (D:9)
  9 yaks (D:9)
  A hungry ghost (D:9)
  Grum (D:9)
  3 orc warriors
  3 porcupines
  4 ogres
  3 wolves (D:9)
  A crocodile (Lair:1)
  A big kobold (D:9)
  3 scorpions
  11 killer bees (D:9)
  An electric eel (D:9)
  3 crimson imps
  2 bullfrog zombies
  A hound (D:5)
  4 jellies
  2 orc priests
  A bullfrog skeleton (D:4)
  A centaur skeleton (D:5)
  7 orc wizards
  A worker ant (D:9)
  A worker ant zombie (D:6)
  2 gnolls (D:4)
  4 adders
  An adder skeleton (D:6)
  3 worms
  A dart slug (D:3)
  4 leopard geckos
  19 orcs
  3 ball pythons
  3 giant cockroaches
  7 goblins
  8 hobgoblins
  12 jackals
  A quokka (D:5)
  7 bats
  5 frilled lizards
  A giant cockroach zombie (D:5)
  A jackal skeleton (D:4)
  19 kobolds
  A leopard gecko skeleton (D:5)
  9 rats
183 creatures vanquished.

Vanquished Creatures (others)
  A jackal (D:9)
  A kobold (D:9)
  2 fungi (D:9)
4 creatures vanquished.

Grand Total: 187 creatures vanquished

Notes
Turn   | Place    | Note
-------+----------+-------------------------------------------
     0 | D:1      | zhorgal the Vine Stalker Fighter began the quest for the Orb.
     0 | D:1      | Reached XP level 1. HP: 11/11 MP: 2/2
    34 | D:1      | Reached skill level 2 in Short Blades
   303 | D:1      | Reached XP level 2. HP: 13/16 MP: 3/3
   577 | D:1      | Reached skill level 1 in Spellcasting
   742 | D:1      | Reached XP level 3. HP: 19/19 MP: 5/5
  1361 | D:2      | Reached skill level 3 in Short Blades
  1977 | D:2      | Gained mutation: Your natural rate of healing is unusually fast. [Vine Stalker growth]
  1977 | D:2      | Reached XP level 4. HP: 23/23 MP: 7/7
  2268 | D:3      | Found a snail-covered altar of Cheibriados.
  2478 | D:3      | Found a burning altar of Makhleb.
  2479 | D:3      | Found a shimmering altar of Xom.
  2489 | D:3      | Reached XP level 5. HP: 27/27 MP: 9/9
  2597 | D:4      | Reached skill level 4 in Short Blades
  2624 | D:4      | Found an iron altar of Okawaru.
  2730 | D:4      | Reached XP level 6. HP: 29/32 MP: 11/11
  3062 | D:4      | Reached skill level 5 in Short Blades
  3277 | D:5      | Entered Level 5 of the Dungeon
  3312 | D:5      | Found an ornate altar of the Wu Jian Council.
  3321 | D:5      | Found a staircase to the Ecumenical Temple.
  3330 | Temple   | Entered the Ecumenical Temple
  3414 | Temple   | Became a worshipper of Kikubaaqudgha
  3475 | D:5      | Found a sparkling altar of Nemelex Xobeh.
  3598 | D:5      | Reached XP level 7. HP: 35/35 MP: 13/13
  3791 | D:5      | Reached skill level 6 in Short Blades
  3941 | D:5      | You fall through a shaft!
  4339 | D:6      | Gained mutation: You have razor-sharp teeth. [Vine Stalker growth]
  4339 | D:6      | Reached XP level 8. HP: 39/39 MP: 14/16
  4725 | D:6      | You fall through a shaft for 3 floors!
  4725 | D:9      | Noticed a spriggan baker
  4734 | D:9      | Killed a spriggan baker
  4734 | D:9      | Reached skill level 7 in Short Blades
  4734 | D:9      | Reached skill level 5 in Spellcasting
  4810 | D:9      | Reached * piety under Kikubaaqudgha
  4810 | D:9      | Identified Kikubaaqudgha's Almanac of Black Arts (Kikubaaqudgha gifted it to you on level 9 of the Dungeon)
  4810 | D:9      | Received a gift from Kikubaaqudgha
  4940 | D:8      | Reached skill level 8 in Short Blades
  5137 | D:9      | Found a staircase to the Lair.
  5222 | D:9      | Reached XP level 9. HP: 38/43 MP: 19/19
  5232 | D:9      | Reached skill level 9 in Short Blades
  5289 | D:9      | Reached ** piety under Kikubaaqudgha
  5342 | D:9      | Found a staircase to the Orcish Mines.
  5501 | D:9      | Paralysed by fainting for 8 turns
  5540 | D:9      | Reached skill level 10 in Short Blades
  5589 | D:9      | Reached skill level 11 in Short Blades
  5722 | D:9      | Reached XP level 10. HP: 31/47 MP: 15/20
  5944 | D:9      | Noticed Grum
  5955 | D:9      | Killed Grum
  5972 | D:9      | Reached skill level 12 in Short Blades
  5995 | D:9      | Found a shadowy altar of Dithmenos.
  5995 | D:9      | Found a bloodstained altar of Trog.
  5996 | D:9      | Found a hazy altar of Hepliaklqana.
  6016 | D:9      | Gained mutation: Your spells are a little harder to cast, but a little more powerful. [potion of mutation]
  6016 | D:9      | Gained mutation: Your muscles are strong. (Str +2) [potion of mutation]
  6126 | D:9      | HP: 2/47 [electric eel/bolt of electricity (6)]
  6254 | D:9      | Noticed a two-headed ogre
  6265 | D:9      | Killed a two-headed ogre
  6265 | D:9      | Reached skill level 1 in Dodging
  6265 | D:9      | Reached skill level 1 in Evocations
  6331 | Lair:1   | Entered Level 1 of the Lair of Beasts
  6403 | Lair:1   | Reached *** piety under Kikubaaqudgha
  6403 | Lair:1   | Identified Kikubaaqudgha's Volume of Evil Magic (Kikubaaqudgha gifted it to you on level 1 of the Lair of Beasts)
  6403 | Lair:1   | Received a gift from Kikubaaqudgha
  6505 | Lair:1   | Noticed an eight-headed hydra
  6518 | Lair:1   | HP: 2/49 [eight-headed hydra (4)]
  6519 | Lair:1   | Mangled by an eight-headed hydra

Vault maps used:
D:1:      moated_graveyard_arrival, serial_bayou_crossing
D:2:      cheibrodos_helix_gallery, first_bread
D:3:      grunt_temple_overflow_champion_of_chaos, lemuel_round_altar
D:4:      okawaru_altar_gauntlet_db, hex_large
D:5:      old_standard_altar, nemelex_xobeh_ov_fountains_minmay, temple_statues
D:6:      kennysheep_crisscross, kennysheep_generic_room_10
D:8:      minmay_imperfect_grid
D:9:      gammafunk_temple_overflow_claw, grunt_lair_entry_orc_guard_hut,
          hiddenorc1_lemuel, the_bakery, kennysheep_boxes, uniq_grum
Temple:   nicolae_temple_hex_pool
Lair:1:   infiniplex_staircase_pool, lemuel_fruit_tree

Skill      XL: |  1  2  3  4  5  6  7  8  9 10 |
---------------+-------------------------------+-----
Short Blades   | 2 3 4 5 6 8 11 12 | 12.3
Spellcasting   | 1 2 3 4 6 |  6.0
Fighting       | 3 |  3.6
Dodging        | 1 |  1.7
Shields        | 3 |  3.6
Evocations     | 2 |  2.1
Armour         | 3 |  3.2

Action                   |  1- 3 |  4- 6 |  7- 9 | 10-12 || total
-------------------------+-------+-------+-------+-------++-------
Melee: Rapier            |   135 |   170 |   336 |   146 ||   787
       Bite              |    26 |    52 |   100 |    47 ||   225
Throw: Stone             |       |       |     1 |       ||     1
Evoke: Wand              |       |       |     5 |     3 ||     8
  Use: Scroll            |     5 |     4 |     5 |       ||    14
       Potion            |       |     5 |       |     4 ||     9
  Eat: Chunk             |     3 |     4 |     3 |     2 ||    12
       Meat ration       |       |       |     1 |       ||     1
       Bread ration      |       |       |     1 |       ||     1
Armor: Scale mail        |    21 |       |       |       ||    21
       Chain mail        |    34 |    85 |   160 |    55 ||   334
Dodge: Dodged            |    31 |    31 |    39 |    18 ||   119
       Deflected         |       |       |     3 |     4 ||     7
Block: Shield            |    82 |   103 |   183 |    82 ||   450
